 Dungeon Crawl Stone Soup version 0.30.0-29-ga12c61a403 (webtiles) character file.

Game seed: 5274648756681578125

5974 Gabide the Destroyer (level 10, -4/84 HPs)
             Began as a Demigod Conjurer on June 9, 2023.
             Slain by a sun demon (7 damage)
             ... led by a balrug
             ... on level 1 of the Abyss.
             The game lasted 00:17:33 (13792 turns).

Gabide the Destroyer (Demigod Conjurer)            Turns: 13792, Time: 00:17:33

Health: -4/84      AC: 10    Str: 14    XL:     10   Next: 30%
Magic:  19/23      EV: 12    Int: 34    God:
Gold:   560        SH:  0    Dex: 12    Spells: 11/21 levels left

rFire   + . .        a - +2 short sword (protect)
rCold   . . .        (no shield)
rNeg    . . .        m - +1 ring mail "Jaadepei" {rElec rF+ Regen+ Int+2}
rPois   .            p - +0 helmet
rElec   +            d - +0 cloak
rCorr   .            (no gloves)
SInv    .            A - +1 pair of boots
Will    +....        (no amulet)
Stlth   +            k - +6 ring of strength
HPRegen 1.14/turn    u - ring of flight
MPRegen 0.18/turn

%: no passive effects
@: about to teleport, flying
A: high MP 1, forlorn, divine attributes
a: no special abilities


You were on level 1 of the Abyss.
You visited 2 branches of the dungeon, and saw 10 of its levels.
You visited the Abyss 1 time.

You collected 560 gold pieces.

Inventory:

Hand Weapons
 a - a +2 short sword of protection (weapon)
 b - a +1 dagger of venom
 c - a +1 dagger of electrocution
Armour
 d - a +0 cloak (worn)
 m - the +1 ring mail "Jaadepei" (worn) {rElec rF+ Regen+ Int+2}
   (You found it on level 7 of the Dungeon)

   Int:       It affects your intelligence (+2).
   rF:        It protects you from fire.
   rElec:     It insulates you from electricity.
   Regen:     It increases your rate of health regeneration.
 p - a +0 helmet (worn)
 z - a +0 buckler
 A - a +1 pair of boots (worn)
Jewellery
 k - a +6 ring of strength (left hand)
 u - a ring of flight (right hand)
 x - a ring of fire
Wands
 h - a wand of roots (2)
 j - a wand of acid (3)
 s - a wand of charming (7)
Scrolls
 e - 3 scrolls of teleportation
 r - a scroll of fog
 v - a scroll of enchant weapon {unknown}
 w - a scroll of poison {unknown}
Potions
 f - 3 potions of curing
 g - 3 potions of might
 i - a potion of heal wounds
 n - 5 potions of mutation
 q - 2 potions of resistance {unknown}
 t - 3 potions of magic
 B - 2 potions of berserk rage {unknown}


   Skills:
 + Level 6.3 Fighting
 + Level 6.7 Dodging
 - Level 1.7 Stealth
 + Level 6.2 Spellcasting
 * Level 10.1 Conjurations


You had 11 spell levels left.
You knew the following spells:

 Your Spells              Type           Power      Damage    Failure   Level
a - Magic Dart            Conj           100%       1d8       1%          1
b - Searing Ray           Conj           100%       2d8       1%          2
c - Dazzling Flash        Conj/Hex       90%        N/A       3%          3
d - Iskenderun's Mystic   Conj/Tloc      45%        2d10      10%         4

Your spell library contained the following spells:

 Spells                   Type           Power      Damage    Failure   Level
 Fulminant Prism          Conj/Hex       22%        3d12      10%         4
 Ensorcelled Hibernation  Hex/Ice        20%        N/A       12%         2
 Ozocubu's Armour         Ice            10%        N/A       24%         3
 Spider Form              Tmut/Pois      10%        N/A       24%         3
 Fireball                 Conj/Fire      22%        3d10      28%         5
 Anguish                  Hex/Necr       5%         N/A       63%         4
 Agony                    Necr           10%        N/A       92%         5
 Silence                  Hex/Air        5%         N/A       92%         5
 Summon Forest            Summ/Tloc      5%         N/A       92%         5
 Summon Mana Viper        Hex/Summ       10%        N/A       92%         5
 Summon Cactus Giant      Summ           5%         N/A       100%        6
 Ozocubu's Refrigeration  Ice            5%         4d8       100%        7


Dungeon Overview and Level Annotations

Branches:
Dungeon (9/15)             Temple (1/1) D:4
   Lair: D:8-11         Orc: D:9-12

Annotations:
D:4 2 transporters, SuvarnaParana's ghost, novice MiBe
D:9 3 runed translucent doors, Erolcha; Tinylith's ghost, novice DsFi


Innate Abilities, Weirdness & Mutations

You have an increased reservoir of magic. (+10% MP)
You shall have no god before yourself.
Your divine heritage dramatically boosts your attributes as you level up.


Message History

The small abomination barely misses you.
A rakshasa comes into view. It is wielding a +2 whip of freezing.
A sun demon and a large abomination come into view.
Okay, then.
Unknown command.
Unknown command.
Unknown command.
As you read the scroll of fear, it crumbles to dust.
You assume a fearsome visage.
The rakshasa resists with almost no effort.
The balrug resists with almost no effort.
The sun demon looks frightened!
The large abomination is unaffected.
The small abomination is unaffected.
The small abomination closely misses you.
The rakshasa misses you.
The rakshasa hits you with a +2 whip of freezing!
The rakshasa freezes you.
The small abomination hits you but does no damage.
The small abomination attacks as you move away!
The small abomination hits you!
You feel much better. The small abomination hits you.
As you read the scroll of identify, it crumbles to dust.
g - 3 potions of might The small abomination hits you!
Okay, then.
Casting: Iskenderun's Mystic Blast (dangerous; 10% risk of failure)
Confirm with . or Enter, or press ? or * to list all spells.
You erupt in a blast of force!
The mystic blast hits the sun demon but does no damage.
The mystic blast hits the small abomination but does no damage.
You hear a bellow!
The sun demon hits you!!
You are engulfed in flames!
You resist. The small abomination hits you!
* * * LOW HITPOINT WARNING * * *
As you read the scroll labelled IZIORA CA GID, it crumbles to dust.
You feel momentarily disoriented.
It was a scroll of magic mapping.
The sun demon hits you!!
* * * LOW HITPOINT WARNING * * *
You are engulfed in flames!
You resist.
You die...

###X # # .
.. . # ..#
## #.#.#####
.# #..#
~.##.#...3#.
...# # 3
~.#..# ##.#
.
~###R####x#.
##§2 §§..# #
## #x##§ §.
..# .
##@#§§§## ##
. ##
#.###3.§#.#
. . ...
#.#.#...#
.....
.#...2##.. #
#.##..# .# #
#####..# #
#.#. ###
....## ..


You could see a sun demon and a small abomination.

Vanquished Creatures
  A hornet (D:8)
  A large abomination (Abyss:1)
  Grinder (D:3)
  A wraith (D:9)
  3 yaks (D:9)
  2 steam dragons
  Eustachio (D:4)
  2 water moccasins
  Duvessa (D:6)
  An orc warrior (D:7)
  2 ice beasts
  3 black bears
  2 sky beasts (D:7)
  2 ogres
  3 centaurs
  A phantom (D:6)
  A kobold brigand (D:7)
  A gnoll sergeant (D:7)
  3 bullfrogs
  2 scorpions
  11 wights (D:8)
  Dowan (D:6)
  11 killer bees
  The ghost of TangoThomas the Conjurer, a weakling DsRe (D:3)
  3 howler monkeys
  6 hounds
  2 jellies
  12 orc priests
  A gnoll bouda (D:7)
  An iguana (D:5)
  Jessica (D:3)
  Ijyb (D:3)
  Terence (D:3)
  Natasha (thrice) (D:3)
  3 orc wizards
  Robin (D:4)
  8 gnolls
  7 adders
  2 shadow imps
  4 white imps
  An ufetubus (D:4)
  2 worms (D:2)
  4 dart slugs
  23 orcs
  7 endoplasms
  7 giant cockroaches
  10 goblins (D:4)
  5 hobgoblins
  2 jackals (D:1)
  8 quokkas
  8 ball pythons
  3 bats
  2 frilled lizards
  12 kobolds
  5 rats
213 creatures vanquished.

Vanquished Creatures (others)
  A white imp (Abyss:1)
1 creature vanquished.

Grand Total: 214 creatures vanquished

Notes
Turn   | Place    | Note
-------+----------+-------------------------------------------
     0 | D:1      | Gabide the Demigod Conjurer began the quest for the Orb.
     0 | D:1      | Reached XP level 1. HP: 14/14 MP: 5/5
   331 | D:1      | Reached XP level 2. HP: 22/22 MP: 1/7
   392 | D:1      | Learned a level 2 spell: Searing Ray
  1052 | D:2      | Reached skill level 4 in Conjurations
  1340 | D:2      | Reached skill level 1 in Fighting
  1388 | D:2      | Reached XP level 3. HP: 28/28 MP: 5/8
  2475 | D:3      | Found a runed translucent door.
  2611 | D:3      | Noticed Terence
  2637 | D:3      | Killed Terence
  2638 | D:3      | Reached XP level 4. HP: 22/35 MP: 0/10
  2930 | D:3      | Noticed Grinder
  2955 | D:3      | Killed Grinder
  2956 | D:3      | Reached skill level 5 in Conjurations
  2956 | D:3      | Reached XP level 5. HP: 41/41 MP: 1/12
  3142 | D:3      | Noticed Natasha
  3289 | D:3      | Reached XP level 6. HP: 48/48 MP: 8/13
  3348 | D:3      | Noticed Jessica
  3351 | D:3      | Killed Jessica
  3355 | D:3      | Killed Natasha
  3530 | D:3      | Noticed Natasha
  3546 | D:3      | Killed Natasha
  3675 | D:3      | Noticed TangoThomas's ghost (weakling DsRe)
  4160 | D:3      | Noticed Natasha
  4163 | D:3      | Killed Natasha
  4228 | D:3      | Killed TangoThomas's ghost
  4336 | D:3      | Learned a level 3 spell: Dazzling Flash
  4444 | D:4      | Noticed Robin
  4548 | D:4      | Killed Robin
  4704 | D:4      | Found a staircase to the Ecumenical Temple.
  4790 | D:4      | Noticed Eustachio
  4807 | D:4      | Killed Eustachio
  4808 | D:4      | Reached skill level 6 in Conjurations
  4808 | D:4      | Reached XP level 7. HP: 39/57 MP: 5/15
  5258 | D:4      | Noticed Ijyb
  5314 | D:3      | Killed Ijyb
  5733 | D:4      | Found a transporter.
  5734 | D:4      | Found a transporter.
  5735 | D:4      | Noticed SuvarnaParana's ghost (novice MiBe)
  5960 | Temple   | Entered the Ecumenical Temple
  6096 | D:5      | Entered Level 5 of the Dungeon
  6852 | D:5      | Reached XP level 8. HP: 66/66 MP: 12/17
  7218 | D:5      | Reached skill level 7 in Conjurations
  7936 | D:6      | Noticed Dowan
  7939 | D:6      | Noticed Duvessa
  7949 | D:6      | Killed Duvessa
  8096 | D:6      | Killed Dowan
  8310 | D:6      | Reached skill level 5 in Dodging
  8505 | D:6      | Reached skill level 8 in Conjurations
  9402 | D:7      | Got Sif Muna's Octavo of Ill-fated Battle Magic
  9430 | D:7      | Reached XP level 9. HP: 73/73 MP: 15/20
  9575 | D:7      | Reached skill level 5 in Spellcasting
  9701 | D:7      | Reached skill level 5 in Fighting
 10600 | D:7      | Reached skill level 9 in Conjurations
 10790 | D:7      | Identified the +1 ring mail "Jaadepei" {rElec rF+ Regen+
                  | Int+2}
 12255 | D:8      | Reached XP level 10. HP: 41/79 MP: 5/22
 12561 | D:8      | Paralysed by a hornet for 3 turns
 12566 | D:8      | Paralysed by a hornet for 3 turns
 12844 | D:9      | Found a runed translucent gate.
 12844 | D:9      | Found a runed translucent gate.
 12845 | D:9      | Found a runed translucent gate.
 12849 | D:9      | Noticed Tinylith's ghost (novice DsFi)
 13435 | D:9      | Reached skill level 10 in Conjurations
 13549 | D:9      | Noticed Erolcha
 13551 | Abyss:1  | Cast into level 1 of the Abyss (Erolcha)
 13608 | Abyss:1  | Learned a level 4 spell: Iskenderun's Mystic Blast
 13769 | Abyss:1  | Noticed a balrug
 13776 | Abyss:1  | Noticed a sun demon
 13777 | Abyss:1  | Noticed a sun demon
 13784 | Abyss:1  | Noticed a rakshasa
 13785 | Abyss:1  | Noticed a sun demon
 13785 | Abyss:1  | Noticed a large abomination
 13792 | Abyss:1  | HP: 3/84 [sun demon[a balrug] (19)]
 13792 | Abyss:1  | Slain by a sun demon

Illustrated notes

Levels and vault maps discovered:
D:1:      beargit_arrival_greenhouse, layout_basic
D:2:      layout_basic, basic_altar, amcnicky_mini_pool_small,
          chequers_arboretum
D:3:      layout_loops_ring, ebering_ghost_reflecting_pool, minivault_14,
          uniq_natasha, uniq_grinder, uniq_jessica, uniq_terence
D:4:      layout_loops_cross, nicolae_vehumet_altar_sigil, temple_pool_b,
          gammafunk_ghost_smash, uniq_eustachio, uniq_ijyb, uniq_robin
D:5:      layout_loops_corners, chequers_temple_overflow_minitemple,
          dreamdust_princess_bridge, serial_bayou_pond_e
D:6:      layout_layer_cave, uniq_duvessa
D:7:      layout_loops_ring, fedhas_altar_fruit_tree, minmay_fractal_squares_5
D:8:      layout_cave_pools, nicolae_ashenzari_skybound,
          mainiacjoe_overflow_chevrons, gammafunk_temple_overflow_forgotten,
          nicolae_dithmenos_the_darkroom
D:9:      layout_cave_pods, mainiacjoe_overflow_alcove_1,
          gammafunk_ghost_spectres, uniq_erolcha
Temple:   nicolae_temple_colour_theory
Abyss:1:  base:
Temple

Skill      XL: |  1  2  3  4  5  6  7  8  9 10 |
---------------+-------------------------------+-----
Dodging        | 2 3 4 5 6 |  6.7
Spellcasting   | 2 3 4 5 6 |  6.2
Conjurations   | 4 5 6 8 9 10 | 10.1
Fighting       | 1 2 3 4 5 6 |  6.3
Stealth        | |  1.7

Action                     |  1- 3 |  4- 6 |  7- 9 | 10-12 || total
---------------------------+-------+-------+-------+-------++-------
  Melee: Rapier            |     9 |       |       |       ||     9
         Dagger            |     9 |     3 |    15 |       ||    27
         Short sword       |       |    18 |       |       ||    18
   Cast: Magic Dart        |    56 |     2 |     5 |       ||    63
         Searing Ray       |    16 |    34 |   129 |    21 ||   200
         Iskenderun's Myst |       |       |       |     5 ||     5
         Dazzling Flash    |       |       |       |     4 ||     4
  Evoke: Wand              |       |       |       |     9 ||     9
    Use: Scroll            |     6 |       |     8 |     6 ||    20
         Potion            |       |     1 |     1 |     4 ||     6
 Armour: Robe              |     5 |     8 |       |       ||    13
         Skin              |       |     4 |       |       ||     4
         Leather armour    |       |       |    13 |       ||    13
         Ring mail         |       |       |    63 |    25 ||    88
  Dodge: Dodged            |    22 |    33 |   141 |    44 ||   240
